 Dungeon Crawl Stone Soup version 0.29.1-15-g9cfb28693d (webtiles) character file.

Game seed: 3569296722485938552

237 safid the Chiller (level 6, 0/47 HPs)
             Began as a Merfolk Ice Elementalist on Mar 23, 2023.
             Shot with a sling bullet by a gnoll (7 damage)
             ... led by a gnoll bouda
             ... on level 4 of the Dungeon.
             The game lasted 00:05:36 (3617 turns).

safid the Chiller (Merfolk Ice Elementalist)        Turns: 3617, Time: 00:05:36

Health: 0/47       AC:  6    Str:  8    XL:     6   Next: 6%
Magic:  3/11       EV: 12    Int: 16    God:
Gold:   104        SH:  0    Dex: 15    Spells: 5/12 levels left

rFire   . . .      SeeInvis +   v - +0 flail
rCold   . . .      Faith    .   (no shield)
rNeg    . . .      Spirit   .   a - +0 robe
rPois   .          Reflect  .   (no helmet)
rElec   .          Harm     .   (no cloak)
rCorr   .          Rampage  .   (no gloves)
Will    .....                   (no boots)
Stlth   ++........              (no amulet)
HPRegen 0.15/turn               c - ring of see invisible
MPRegen 0.12/turn               r - +4 ring of protection

@: no status effects
A: (nimble swimmer 2), mertail
a: no special abilities


You were on level 4 of the Dungeon.
You visited 1 branch of the dungeon, and saw 4 of its levels.

You collected 104 gold pieces.

Inventory:

Hand Weapons
 v - a +0 flail (weapon)
Armour
 a - a +0 robe (worn)
 A - a +0 helmet
Jewellery
 c - a ring of see invisible (left hand)
 f - a ring of positive energy
 r - a +4 ring of protection (right hand)
 u - a ring of ice
Wands
 q - a wand of charming (16)
Scrolls
 d - a scroll of fear {unknown}
 e - a scroll of vulnerability {unknown}
 g - a scroll of identify {unknown}
 h - a scroll of poison {unknown}
 m - 3 scrolls of enchant armour {unknown}
 o - 3 scrolls of teleportation {unknown}
 p - a scroll of blinking {unknown}
 t - a scroll of amnesia {unknown}
 w - a scroll of immolation {unknown}
 x - a scroll of summoning {unknown}
 y - a scroll of enchant weapon {unknown}
Potions
 b - a potion of magic
 i - 2 potions of heal wounds {unknown}
 k - 2 potions of flight {unknown}
 l - 3 potions of attraction {unknown}
 n - 2 potions of berserk rage {unknown}
 s - 2 potions of invisibility {unknown}
 z - a potion of lignification {unknown}


   Skills:
 + Level 3.4 Fighting
 - Level 2.6 Dodging
 - Level 2.1 Stealth
 + Level 3.6 Spellcasting
 + Level 5.7 Ice Magic


You had 5 spell levels left.
You knew the following spells:

 Your Spells              Type           Power      Damage    Failure   Level
a - Freeze                Ice            84%        1d10      1%          1
b - Frozen Ramparts       Ice            42%        1d7       4%          3
c - Ozocubu's Armour      Ice            21%        N/A       4%          3

Your spell library contained the following spells:

 Spells                   Type           Power      Damage    Failure   Level
 Hailstorm                Conj/Ice       12%        3d5       47%         4


Dungeon Overview and Level Annotations

Branches:
Dungeon (4/15)
 Temple: D:4-7

Altars:
Dithmenos
Hepliaklqana
Zin


Innate Abilities, Weirdness & Mutations

((You are very nimble when in or above water. (Stealth+, EV+, Speed+++)))
Your lower body shifts to a powerful aquatic tail in water.


Message History

The wall freezes the gnoll bouda.
The gnoll bouda barks out a call to the hunt!
You hit the gnoll bouda.
The gnoll bouda is almost dead.
The wall freezes the gnoll.
The wall freezes the gnoll bouda.
You kill the gnoll bouda!
You have reached level 6!
You feel better.
Your attacks no longer feel as feeble.
A gnoll comes into view. It is wielding a +0 halberd.
The wall freezes the gnoll. x2; The gnoll hits you but does no damage.
The gnoll moves out of view.
You hit the gnoll but do no damage.
The gnoll is severely wounded.
The wall freezes the gnoll.
The gnoll closely misses you.
The wall freezes the gnoll.
The gnoll hits you with a +0 club.
* * * LOW HITPOINT WARNING * * *
The wall freezes the gnoll but does no damage.
The gnoll hits you from afar with a +0 halberd.
* * * LOW HITPOINT WARNING * * *
You barely miss the gnoll.
The gnoll is severely wounded.
The frozen ramparts melt away.
The gnoll hits you but does no damage. The gnoll barely misses you.
Casting: Ozocubu's Armour (dangerous; 5% risk of failure)
Confirm with . or Enter, or press ? or * to list all spells.
Aiming: Freeze (safe; 1% risk of failure)
Press: ? - help, Shift-Dir - straight line, f - gnoll
Aim: a gnoll, wielding a +0 club (severely wounded, covering ground quickly)
You freeze the gnoll.
You kill the gnoll!
The gnoll misses you.
Unknown command.
Unknown command.
Your icy armour will break if you move.
Continue?
Your icy armour cracks and falls away as you move.
You see here a ball python corpse.
The gnoll unwields a +0 halberd.
The gnoll wields a +0 sling.
The gnoll shoots a sling bullet.
The sling bullet hits you!
You die...

#### ..#
#.#
###<#####
#.......#
#.#@###.#
#.#.## .#
#....# .#
#.#g.# .#
#.##.##.#
#..†g...#
###.#####
#.# . ###
#g#


You could see 2 gnolls.

Vanquished Creatures
  A hound (D:4)
  A gnoll bouda (D:4)
  Natasha (twice) (D:2)
  6 gnolls
  2 adders
  A worm (D:2)
  An orc (D:3)
  11 endoplasms
  A giant cockroach (D:2)
  2 goblins
  4 hobgoblins
  3 quokkas
  3 ball pythons
  5 bats
  3 frilled lizards
  5 kobolds
  4 rats
55 creatures vanquished.

Notes
Turn   | Place    | Note
-------+----------+-------------------------------------------
     0 | D:1      | safid the Merfolk Ice Elementalist began the quest for the
                  | Orb.
     0 | D:1      | Reached XP level 1. HP: 13/13 MP: 3/3
   169 | D:1      | Reached XP level 2. HP: 2/20 MP: 0/5
   527 | D:1      | Reached skill level 1 in Fighting
   550 | D:1      | Found a faded altar of an unknown god.
  1489 | D:2      | Noticed Natasha
  1497 | D:2      | Killed Natasha
  1498 | D:2      | Reached XP level 3. HP: 11/27 MP: 0/7
  1974 | D:2      | Noticed Natasha
  1981 | D:2      | Killed Natasha
  1982 | D:2      | Reached skill level 5 in Ice Magic
  1982 | D:2      | Reached XP level 4. HP: 25/33 MP: 3/8
  2426 | D:2      | Learned a level 3 spell: Frozen Ramparts
  2430 | D:2      | Learned a level 3 spell: Ozocubu's Armour
  2569 | D:3      | Reached XP level 5. HP: 17/39 MP: 0/9
  2842 | D:3      | Found a hazy altar of Hepliaklqana.
  2876 | D:3      | Found a shadowy altar of Dithmenos.
  3253 | D:3      | Found a glowing silver altar of Zin.
  3590 | D:4      | HP: 1/41 [gnoll bouda/+0 club (7)]
  3593 | D:4      | Reached XP level 6. HP: 2/47 MP: 1/11
  3617 | D:4      | Shot with a sling bullet by a gnoll

Illustrated notes

Levels and vault maps discovered:
D:1:      heliophobic_arrival_enchanted_forest, layout_basic,
          ebering_ecumenical_altar_mist
D:2:      layout_loops_corners, serial_bayou_pond_d, uniq_natasha
D:3:      layout_basic, zin_scriptorium, nzn_hepliaklqana_mist_gate,
          mainiacjoe_overflow_alcove_1, dreamdust_princess_bridge
D:4:      layout_loops_cross, minmay_temple_entry_offerings,
          portal_sewer_entry_a

Skill      XL: |  1  2  3  4  5 |
---------------+----------------+-----
Fighting       | 1 2 3 |  3.4
Ice Magic      | 5 |  5.7
Spellcasting   | 3 |  3.6
Dodging        | |  2.6
Stealth        | |  2.1

Action                   |  1- 3 |  4- 6 || total
-------------------------+-------+-------++-------
Melee: Club              |    14 |    26 ||    40
       Unarmed           |     1 |       ||     1
       Flail             |       |    28 ||    28
 Cast: Freeze            |    36 |    32 ||    68
       Frozen Ramparts   |       |     3 ||     3
       Ozocubu's Armour  |       |     2 ||     2
  Use: Potion            |       |     1 ||     1
 Stab: Sleeping          |     1 |     1 ||     2
Armor: Robe              |     8 |    30 ||    38
Dodge: Dodged            |    30 |    70 ||   100
